 Dungeon Crawl Stone Soup version 0.21.1-1-g345015f (webtiles) character file.

29 letownia2 the Charmwright (level 3, -2/31 HPs)
             Began as a Gnoll Skald on Feb 27, 2018.
             Was an Initiate of Cheibriados.
             Slain by a gnoll (7 damage)
             ... on level 4 of the Dungeon.
             The game lasted 00:02:03 (317 turns).

letownia2 the Charmwright (Gnoll Skald)              Turns: 317, Time: 00:02:04

Health: -2/31      AC:  3    Str: 14    XL:     3   Next: 16%
Magic:  5/9        EV: 14    Int: 17    God:    Cheibriados [......]
Gold:   25         SH:  0    Dex: 15    Spells: 7/12 levels left

rFire    . . .     SeeInvis .   a - +0 spear
rCold    . . .     Gourm    .   (no shield)
rNeg     . . .     Faith    .   i - +0 leather armour
rPois    .         Spirit   .   (no helmet)
rElec    .         Reflect  .   (no cloak)
rCorr    .         Harm     .   (no gloves)
MR       .....                  (no boots)
Stlth    +.........             (no amulet)
HPRegen  0.10/turn              (no ring)
MPRegen  0.11/turn              (no ring)

@: shrouded, infused, singing, very slow
A: distributed training, fangs 1, strong nose
a: Bend Time, Renounce Religion


You were on level 4 of the Dungeon.
You worshipped Cheibriados.
Cheibriados was noncommittal.
You were not hungry.

You visited 1 branch of the dungeon, and saw 4 of its levels.

You collected 25 gold pieces.

Inventory:

Hand Weapons
 a - a +0 spear (weapon)
 b - a +0 dagger of draining
Armour
 i - a +0 leather armour (worn)
Scrolls
 e - 2 scrolls of fear {unknown}
 f - a scroll of enchant armour {unknown}
 g - a scroll of fog {unknown}
 h - 3 scrolls of identify {unknown}
 j - a scroll of immolation {unknown}
 m - a scroll of remove curse {unknown}
 n - a scroll of noise {unknown}
Potions
 k - a potion of magic
 l - a potion of haste {unknown}
Books
 c - a book of Battle

   Spells                             Type                      Level
   a - Infusion                       Charms                       1
   b - Shroud of Golubria             Charms/Translocation         2
   c - Song of Slaying                Charms                       2
   d - Spectral Weapon                Hexes/Charms                 3
   e - Regeneration                   Charms/Necromancy            3
Comestibles
 d - 4 rations


   Skills:
 + Level 4.5 Fighting
 + Level 0.6 Short Blades
 + Level 0.6 Long Blades
 + Level 0.6 Axes
 + Level 0.6 Maces & Flails
 + Level 4.5 Polearms
 + Level 0.6 Staves
 + Level 0.6 Slings
 + Level 0.6 Bows
 + Level 0.6 Crossbows
 + Level 0.6 Throwing
 + Level 2.5 Armour
 + Level 4.5 Dodging
 + Level 0.6 Stealth
 + Level 0.6 Shields
 + Level 0.6 Unarmed Combat
 + Level 5.0 Spellcasting
 + Level 0.4 Conjurations
 + Level 0.4 Hexes
 + Level 5.4 Charms
 + Level 0.4 Summonings
 + Level 0.4 Necromancy
 + Level 0.4 Translocations
 + Level 0.4 Transmutations
 + Level 0.4 Fire Magic
 + Level 0.4 Ice Magic
 + Level 0.4 Air Magic
 + Level 0.4 Earth Magic
 + Level 0.4 Poison Magic
 + Level 0.8 Invocations
 + Level 0.6 Evocations


You had 7 spell levels left.
You knew the following spells:

 Your Spells              Type           Power        Failure   Level  Hunger
a - Infusion              Chrm           ###.         1%          1    None
l - Song of Slaying       Chrm           ###.....     2%          2    #......
t - Shroud of Golubria    Chrm/Tloc      ##........   8%          2    #......


Dungeon Overview and Level Annotations

Branches:
Dungeon (4/15)
 Temple: D:4-7

Altars:
Cheibriados
Makhleb


Innate Abilities, Weirdness & Mutations

Your experience applies equally to all skills.
You have very sharp teeth.
Your uncanny sense of smell can sniff out nearby items.


Message History

You begin infusing your attacks with magical energy.
The gnoll misses you.
Casting: Infusion
Confirm with . or Enter, or press ? or * to list all spells.
You renew your shroud.
The gnoll misses you.
Unknown command.
Attack whom?
Press: ? - help, Dir - move target cursor, f/p - gnoll
Aim: a gnoll (lightly wounded)
You barely miss the gnoll.
The gnoll is lightly wounded.
The gnoll misses you.
Unknown command.
Attack whom?
Press: ? - help, Dir - move target cursor, f/p - gnoll
Aim: a gnoll (lightly wounded)
You hit the gnoll.
The gnoll is moderately wounded.
The gnoll hits you!
You die...

..# ####.#### #.
#.# ##.##....## #.
#.# ......#...
#.##.######.##....#
#...........#...##
#..#.#######.....#
#..#.# ##gg.##
#..#.# ##g## #..<.#
#@# ##.### #.# #.
#+# #. #. ##


You could see 3 gnolls.

Vanquished Creatures
  A gnoll (D:4)
  A dart slug (D:2)
  2 bats
  4 goblins
  A hobgoblin (D:1)
  2 jackals (D:2)
  2 kobolds
  2 rats (D:2)
15 creatures vanquished.

Notes
Turn   | Place    | Note
-------+----------+-------------------------------------------
     0 | D:1      | letownia2 the Gnoll Skald began the quest for the Orb.
     0 | D:1      | Reached XP level 1. HP: 20/20 MP: 6/6
   135 | D:2      | Reached XP level 2. HP: 26/26 MP: 4/7
   147 | D:2      | Learned a level 2 spell: Shroud of Golubria
   150 | D:2      | Learned a level 2 spell: Song of Slaying
   232 | D:2      | Found a burning altar of Makhleb.
   256 | D:3      | Found a snail-covered altar of Cheibriados.
   262 | D:3      | Became a worshipper of Cheibriados the Contemplative
   308 | D:4      | Reached skill level 5 in Spellcasting
   308 | D:4      | Reached XP level 3. HP: 12/31 MP: 2/9
   317 | D:4      | Slain by a gnoll

Skill      XL: |  1  2 |
---------------+-------+-----
Spellcasting   | 5 |  5.0
Fighting       | |  4.5
Short Blades   | |  0.6
Long Blades    | |  0.6
Axes           | |  0.6
Maces & Flails | |  0.6
Polearms       | |  4.5
Staves         | |  0.6
Slings         | |  0.6
Bows           | |  0.6
Crossbows      | |  0.6
Throwing       | |  0.6
Armour         | |  2.5
Dodging        | |  4.5
Stealth        | |  0.6
Shields        | |  0.6
Unarmed Combat | |  0.6
Conjurations   | |  0.4
Hexes          | |  0.4
Charms         | |  5.4
Summonings     | |  0.4
Necromancy     | |  0.4
Translocations | |  0.4
Transmutations | |  0.4
Fire Magic     | |  0.4
Ice Magic      | |  0.4
Air Magic      | |  0.4
Earth Magic    | |  0.4
Poison Magic   | |  0.4
Invocations    | |  0.8
Evocations     | |  0.6

Action                   || total
-------------------------++-------
Melee: Spear             ||    43
       Bite              ||     3
 Cast: Infusion          ||     3
       Shroud of Golubri ||     4
       Song of Slaying   ||     2
  Use: Potion            ||     1
Armor: Leather armour    ||     5
Dodge: Dodged            ||    24
